 Dungeon Crawl Stone Soup version 0.21-a0-91-ga5031da (webtiles) character file.

97737 GordonOverkill the Fighter (level 15, -3/150 HPs)
             Began as a Deep Elf Berserker on June 28, 2017.
             Was the Champion of Trog.
             Killed from afar by a fire giant (47 damage)
             ... with a fireball
             ... on level 15 of the Dungeon on June 29, 2017.
             The game lasted 01:30:21 (37035 turns).

GordonOverkill the Fighter (Deep Elf Berserker)    Turns: 37035, Time: 01:30:21

Health: -3/150     AC: 26    Str: 24    XL:     15   Next: 72%
Magic:  17/17      EV: 21    Int: 14    God:    Trog [******]
Gold:   2213       SH:  6    Dex: 17    Spells: 14/14 levels left

rFire    . . .     SeeInvis .   a - +3 long sword (freeze)
rCold    . . .     Gourm    .   r - +0 buckler
rNeg     + . .     Faith    +   I - +3 chain mail
rPois    +         Spirit   .   D - +1 helmet
rElec    .         Reflect  .   i - +2 cloak
rCorr    .         Harm     .   v - +2 pair of gloves {Dex+3}
MR       +....                  o - +1 pair of boots
Stlth    ..........             M - amulet of faith
HPRegen  0.35/turn              P - ring of the Fiend {rN+ EV+5 Slay+2}
MPRegen  0.15/turn              E - ring of poison resistance

@: berserking, very quick
A: no striking features
a: Berserk, Trog's Hand, Brothers in Arms, Burn Spellbooks, Renounce Religion


You were on level 15 of the Dungeon.
You worshipped Trog.
Trog was exalted by your worship.
You were not hungry.

You visited 3 branches of the dungeon, and saw 23 of its levels.
You also visited: Ossuary.

You collected 2745 gold pieces.
You spent 532 gold pieces at shops.

Inventory:

Hand Weapons
 a - a +3 long sword of freezing (weapon)
 b - a +1 scimitar of flaming
 p - the +11 spear "Ulle" {freeze, +Fly rElec rC++ Stlth-}
   (You took it off a yaktaur on level 12 of the Dungeon)

   It has been specially enchanted to freeze those struck by it, causing extra
   injury to most foes and up to half again as much damage against particularly
   susceptible opponents.
   It can also slow down cold-blooded creatures.
   It greatly protects you from cold.
   It insulates you from electricity.
   It lets you fly.
   It makes you less stealthy.
 x - a +3 scimitar
 R - a +3 long sword of holy wrath
Missiles
 d - 3 throwing nets (quivered)
Armour
 i - a +2 cloak (worn)
 o - a +1 pair of boots (worn)
 r - a +0 buckler (worn)
 t - the -4 shield of Amorality {rC+ Int+3 Slay+3}
   (You acquired it on level 14 of the Dungeon)

   It affects your intelligence (+3).
   It affects your accuracy and damage with ranged weapons and melee attacks
   (+3).
   It protects you from cold.
 v - a +2 pair of gloves of dexterity (worn)
 D - a +1 helmet (worn)
 I - a +3 chain mail (worn)
Jewellery
 h - an uncursed ring of fire
 q - an uncursed ring of resist corrosion
 w - an uncursed ring of flight
 E - a ring of poison resistance (right hand)
 M - an amulet of faith (around neck)
 P - the ring of the Fiend (left hand) {rN+ EV+5 Slay+2}
   (You found it on level 12 of the Dungeon)

   [ring of evasion]

   It affects your evasion (+5).
   It affects your accuracy and damage with ranged weapons and melee attacks
   (+2).
   It protects you from negative energy.
 S - an uncursed ring of protection from magic
Wands
 y - a wand of digging (19/24)
 F - a wand of acid (3/15)
 T - a wand of acid (4/15)
 Z - a wand of iceblast (9/15)
Scrolls
 e - a scroll of enchant weapon
 j - 5 scrolls of teleportation
 A - 4 scrolls of recharging
 B - 11 scrolls of remove curse
 L - 2 scrolls of enchant armour
 O - a scroll of magic mapping
 X - 2 scrolls of fog
Potions
 f - 4 potions of magic
 g - a potion of cancellation
 l - a potion of agility
 m - a potion of ambrosia
 n - 7 potions of curing
 s - 2 potions of haste
 u - 5 potions of mutation
 K - 2 potions of brilliance
 U - 2 potions of heal wounds
 V - 4 potions of flight
 W - a potion of berserk rage
Miscellaneous
 N - a lightning rod (4/4)
Comestibles
 c - 13 bread rations
 k - 10 meat rations
 z - 3 chunks of flesh
 C - 10 royal jellies
 H - 12 fruits


   Skills:
 + Level 13.7 Fighting
   Level 9.2(12.8) Short Blades
 - Level 13.3(14.1) Long Blades
 - Level 10.1 Armour
 + Level 11.8 Dodging
 - Level 5.2 Shields


You had 14 spell levels left.
You didn't know any spells.

Dungeon Overview and Level Annotations

Branches:
Dungeon (15/15)            Temple (0/1) D:6            Lair (6/6) D:11
 Shoals (0/4) Lair:2       Spider (0/4) Lair:2          Orc (2/2) D:10
    Elf (0/3) Orc:2        Vaults (0/5) D:13         Depths (0/5) D:15
  Slime: Lair:5-6

Altars:
Dithmenos
Nemelex Xobeh
Okawaru
Sif Muna
Uskayaw
Vehumet
Yredelemnul

Shops:
D:9 (   D:15 }   Orc:1 (   Orc:2 [[=[

Portals:
Trove: D:13 (give +3 storm dragon scales)

Annotations:
D:12 2 runed doors
Lair:5 exclusion: 4 oklob plants


Message History

A fire giant is nearby!
The fire giant points at you and mumbles some strange words.
The bolt of fire hits you!
Ouch! That really hurt!
You are too injured to fight recklessly!
You are too injured to fight recklessly!
You are too injured to fight recklessly!
You are too injured to fight recklessly!
You are too injured to fight recklessly!
A red film seems to cover your vision as you go berserk!
You feel yourself moving faster!
You feel mighty!
You feel quite a bit more hungry. The fire giant casts a spell at you.
The bolt of fire hits you!
* * * LOW HITPOINT WARNING * * *
You slash the fire giant! You freeze the fire giant.
The fire giant is lightly wounded.
The fire giant gestures at you while chanting.
The fireball explodes!
The fireball engulfs you!
You die...

#..........# #............
+............ .
#...).....(. ..
#######8......≈≈§§#§§≈
#.........##..≈#≈§§≈≈#
#.........#...≈§§≈≈§≈§
#....[.∩..'..§≈§≈...§§
#.........#..≈@≈.§>.§
#.........#..§≈C≈§..≈§
.#+###.8..#...≈≈§§≈§≈§≈.§.
#....#..§§#≈§§≈§#≈...
#....#...≈§≈§#≈§§≈..# #+##
##....#+#.......§.§..###..#
#..........................
#................#.........
#................#.........


You could see a fire giant.

Vanquished Creatures
  The ghost of Eptagon the Brawler, a journeyman DrTm of Makhleb (Lair:6)
  A dire elephant (Lair:6)
  3 ettins
  A vault guard (D:13)
  6 hydras
  Erica (D:8)
  A catoblepas (Lair:6)
  5 two-headed ogres
  2 ogre magi (Orc:2)
  A deep troll shaman (Lair:6)
  A centaur warrior (D:15)
  A death knight (D:15)
  4 death yaks
  Urug (Orc:1)
  Nergalle (Lair:2)
  2 unseen horrors
  A deep troll (Orc:2)
  2 lindwurms (Lair:5)
  2 orc knights
  An orb spider (Lair:2)
  9 deep elf magi (Orc:2)
  6 ugly things
  3 cyclopes
  A centaur zombie (D:12)
  8 elephants (Lair:6)
  6 black mambas
  6 gargoyles
  6 centaur skeletons
  13 spiny frogs
  A rime drake (Lair:2)
  A torpor snail (Lair:4)
  A freezing wraith (D:14)
  4 komodo dragons
  5 yaktaurs
  11 trolls
  The ghost of dricus the Skirmisher, an amateur FoAK of Lugonu (D:4)
  3 slime creatures (D:12)
  Prince Ribbit (D:7)
  26 blink frogs
  4 hippogriffs
  11 dream sheep
  A shadow (D:11)
  2 vampires
  30 yaks
  Grum (D:10)
  5 basilisks
  2 hogs (D:10)
  A human (D:10)
  4 wraiths
  6 wyverns
  A steam dragon (D:12)
  3 hungry ghosts
  A golden eye (shapeshifter) (D:13)
  6 vampire mosquitoes (D:14)
  Menkaure (D:7)
  2 wargs
  8 swamp worms (D:13)
  An acid dragon (D:12)
  A soldier ant (D:14)
  15 porcupines
  9 water moccasins
  4 black bears
  6 sky beasts
  4 ice beasts
  29 orc warriors
  A phantom (D:6)
  24 ogres
  4 necrophages (Lair:2)
  41 wolves
  17 centaurs
  18 crocodiles
  3 big kobolds
  24 bullfrogs
  Blork the orc (D:6)
  A wyvern zombie (D:6)
  A water moccasin zombie (Ossuary)
  2 wyvern skeletons
  3 scorpions
  10 killer bees
  8 wights (D:13)
  2 electric eels (Lair:1)
  4 howler monkeys
  6 crimson imps
  A bullfrog zombie (D:11)
  3 gnoll shamans (D:8)
  12 hounds
  3 jellies
  17 orc priests
  22 orc wizards
  5 bullfrog skeletons
  An iguana (D:8)
  14 worker ants
  A killer bee zombie (D:3)
  A big kobold zombie (Ossuary)
  2 mummies (Ossuary)
  A howler monkey zombie (D:7)
  2 worker ant zombies
  A howler monkey skeleton (D:9)
  15 adders
  11 gnolls
  A shadow imp (D:10)
  2 oozes
  4 adder zombies (Ossuary)
  14 worms
  2 dart slugs
  6 leopard geckos
  100 orcs
  11 bats
  8 giant cockroaches
  A gnoll zombie (Ossuary)
  13 hobgoblins
  14 jackals
  6 quokkas
  A ball python (D:3)
  6 frilled lizards
  5 goblins
  7 hobgoblin zombies (Ossuary)
  A jackal skeleton (D:8)
  13 kobolds
  5 kobold zombies (Ossuary)
  5 orc zombies (Ossuary)
  2 quokka skeletons
  12 rats
  A spectral orc (D:7)
  2 plants (D:8)
832 creatures vanquished.

Vanquished Creatures (collateral kills)
  The ghost of Schizzik the Brawler, a journeyman TrMo of Wu Jian (Orc:1)
  2 orc warlords
  A stone giant (Orc:1)
  The ghost of Schizzik the Brawler, a journeyman TrMo of Wu Jian (Lair:3)
  A fire dragon (D:13)
  A death knight (D:14)
  2 death yaks (Lair:6)
  4 two-headed ogres (Orc:2)
  An iron troll (D:13)
  4 skeletal warriors (D:14)
  A deep troll (Orc:2)
  A lindwurm (Lair:5)
  A deep elf mage (Orc:2)
  A cyclops (Orc:2)
  A spiny frog (Lair:1)
  5 trolls (Orc:2)
  A wraith (D:14)
  2 wargs
  2 water moccasins
  2 orc warriors
  A black bear (D:9)
  4 ogres
  A bullfrog (D:9)
  5 killer bees (D:12)
  A crimson imp (D:9)
  2 orc wizards
  4 orc priests
  8 orcs
61 creatures vanquished.

Vanquished Creatures (others)
  A lindwurm (Lair:5)
  A troll (Orc:1)
  A shadow imp (D:12)
  An orc (Orc:1)
  7 fungi
  5 plants
16 creatures vanquished.

Grand Total: 909 creatures vanquished

Notes
Turn   | Place    | Note
-------+----------+-------------------------------------------
     0 | D:1      | GordonOverkill the Deep Elf Berserker began the quest for the Orb.
     0 | D:1      | Reached XP level 1. HP: 13/13 MP: 3/3
   261 | D:1      | Reached XP level 2. HP: 11/18 MP: 4/4
  1020 | D:1      | Reached XP level 3. HP: 22/22 MP: 5/5
  1389 | D:2      | Reached ** piety under Trog
  1648 | D:2      | Noticed an enchanted dagger
  1649 | D:2      | Noticed a dagger
  1649 | D:2      | Found a hide-covered altar of Uskayaw.
  1975 | D:2      | Found an iron altar of Okawaru.
  1977 | D:2      | Found a radiant altar of Vehumet.
  2173 | D:2      | Reached XP level 4. HP: 25/27 MP: 6/6
  2988 | D:3      | Reached XP level 5. HP: 12/32 MP: 7/7
  4014 | D:4      | Noticed an ice beast
  4022 | D:4      | Killed an ice beast
  4022 | D:4      | Reached skill level 5 in Short Blades
  4022 | D:4      | Reached XP level 6. HP: 37/37 MP: 8/8
  4083 | D:4      | Reached *** piety under Trog
  4164 | D:4      | Noticed dricus's ghost (amateur FoAK)
  4176 | D:4      | Killed dricus's ghost
  4176 | D:4      | Reached XP level 7. HP: 42/42 MP: 6/9
  4250 | D:4      | Found a sand-covered staircase.
  4266 | Ossuary  | Entered an ossuary
  5131 | D:4      | Received a gift from Trog
  5474 | D:4      | Reached skill level 5 in Dodging
  5808 | D:5      | Entered Level 5 of the Dungeon
  5830 | D:5      | Got a warped spear
  5831 | D:5      | Identified the +6 spear of Earthquakes {venom, rF+} (You found it on level 5 of the Dungeon)
  5968 | D:5      | Found a shadowy altar of Dithmenos.
  6080 | D:5      | Reached skill level 1 in Shields
  6090 | D:5      | Reached XP level 8. HP: 44/48 MP: 10/10
  6203 | D:5      | Reached **** piety under Trog
  6797 | D:6      | Noticed Blork the orc
  6809 | D:6      | Killed Blork the orc
  7364 | D:6      | Found a deep blue altar of Sif Muna.
  7699 | D:6      | Found a staircase to the Ecumenical Temple.
  7947 | D:7      | Noticed Prince Ribbit
  7956 | D:7      | Killed Prince Ribbit
  7956 | D:7      | Reached skill level 5 in Fighting
  7956 | D:7      | Reached XP level 9. HP: 47/54 MP: 11/11
  8357 | D:7      | Noticed Menkaure
  8364 | D:7      | Killed Menkaure
  8438 | D:7      | Found a sparkling altar of Nemelex Xobeh.
  8466 | D:7      | Received a gift from Trog
  8956 | D:7      | Found a basalt altar of Yredelemnul.
  8971 | D:7      | Found a deep blue altar of Sif Muna.
  9793 | D:8      | Noticed Erica
  9805 | D:8      | Killed Erica
  9805 | D:8      | Reached skill level 5 in Shields
  9805 | D:8      | Reached XP level 10. HP: 60/60 MP: 12/12
  9923 | D:8      | Reached skill level 5 in Armour
  9932 | D:8      | Reached skill level 1 in Long Blades
 11178 | D:9      | Found Haggefac's Weapon Shoppe.
 11434 | D:9      | Found a shadowy altar of Dithmenos.
 12273 | D:10     | Entered Level 10 of the Dungeon
 12834 | D:10     | Found a staircase to the Orcish Mines.
 13159 | D:10     | Reached XP level 11. HP: 66/66 MP: 13/13
 13618 | D:10     | Reached skill level 5 in Long Blades
 13937 | D:10     | Noticed Grum
 13971 | D:10     | Killed Grum
 15021 | D:11     | Reached ***** piety under Trog
 15615 | D:11     | Killed an unseen horror
 15812 | D:11     | Noticed a green ugly thing
 15830 | D:11     | Killed a green ugly thing
 15876 | D:11     | Found a staircase to the Lair.
 16341 | D:12     | Noticed a two-headed ogre
 16352 | D:12     | Killed a two-headed ogre
 17380 | D:12     | Reached XP level 12. HP: 72/72 MP: 14/14
 17504 | D:12     | Reached skill level 10 in Dodging
 18078 | D:12     | Found a runed door.
 18078 | D:12     | Found a runed door.
 18078 | D:12     | Noticed a two-headed ogre
 18091 | D:12     | Received a gift from Trog
 18264 | D:12     | Noticed a seven-headed hydra
 18600 | D:12     | Got an uncursed crude spear {freeze}
 18606 | D:12     | Identified the +11 spear "Ulle" {freeze, +Fly rElec rC++ Stlth-} (You took it off a yaktaur on level 12 of the Dungeon)
 18681 | D:12     | Received a gift from Trog
 18762 | D:12     | Got a clouded iron ring
 18764 | D:12     | Identified the ring of the Fiend {rN+ EV+5 Slay+2} (You found it on level 12 of the Dungeon)
 18802 | D:12     | Found a runed door.
 18818 | D:12     | Killed a two-headed ogre
 19042 | Lair:1   | Entered Level 1 of the Lair of Beasts
 19813 | Lair:1   | Noticed a four-headed hydra
 19825 | Lair:1   | Killed a one-headed hydra
 20103 | Lair:1   | Got a slimy rapier
 20109 | Lair:1   | Identified the cursed +2 rapier of the Fool {flame, rN+ MR+} (You found it on level 1 of the Lair of Beasts)
 20891 | Lair:2   | Received a gift from Trog
 20927 | Lair:2   | Noticed Nergalle
 20936 | Lair:2   | Killed Nergalle
 20936 | Lair:2   | Reached skill level 10 in Long Blades
 21164 | Lair:2   | Reached XP level 13. HP: 70/79 MP: 15/15
 21447 | Lair:2   | Found a staircase to the Shoals.
 22229 | Lair:2   | Found a hole to the Spider Nest.
 22518 | Lair:3   | Noticed Schizzik's ghost (journeyman TrMo)
 22541 | Lair:3   | Killed Schizzik's ghost
 26204 | Lair:6   | Entered Level 6 of the Lair of Beasts
 26620 | Lair:6   | Identified a scroll of acquirement
 27085 | Lair:6   | Reached XP level 14. HP: 40/87 MP: 16/16
 28092 | Lair:6   | Reached skill level 10 in Fighting
 28120 | Lair:6   | Noticed Eptagon's ghost (journeyman DrTm)
 28930 | Lair:6   | Killed Eptagon's ghost
 29043 | Lair:6   | Reached skill level 10 in Armour
 30055 | Orc:1    | Entered Level 1 of the Orcish Mines
 30067 | Orc:1    | Noticed Schizzik's ghost (journeyman TrMo)
 30439 | Orc:1    | Killed Schizzik's ghost
 30536 | Orc:1    | Received a gift from Trog
 30560 | Orc:1    | Noticed Urug
 30574 | Orc:1    | Killed Urug
 30725 | Orc:2    | Entered Level 2 of the Orcish Mines
 30879 | Orc:2    | Found Gacoe's Armour Shop.
 31263 | Orc:2    | Found Pirghouky's Jewellery Shop.
 31265 | Orc:2    | Found Komarr's Armour Shoppe.
 31273 | Orc:2    | Found Iruhosed's Armour Boutique.
 31467 | Orc:2    | Bought a +2 pair of gloves of dexterity for 301 gold pieces
 31480 | Orc:2    | Bought a +2 cloak for 231 gold pieces
 31548 | Orc:2    | Received a gift from Trog
 31854 | Orc:2    | Noticed an orc warlord
 31884 | Orc:2    | Killed an orc warlord
 31884 | Orc:2    | Reached XP level 15. HP: 54/96 MP: 17/17
 32176 | Orc:2    | Noticed an orc warlord
 32194 | Orc:1    | Found Viexaitz's Antique Weapon Emporium.
 32205 | Orc:1    | HP: 3/96 [orc priest/divine providence (13)]
 32221 | Orc:1    | Killed an orc warlord
 32586 | Orc:2    | Found a staircase to the Elven Halls.
 33755 | D:13     | Found a portal to a secret trove of treasure.
 34180 | D:13     | Received a gift from Trog
 34487 | D:13     | Found a gate to the Vaults.
 34957 | D:13     | You fall through a shaft!
 35096 | D:14     | Got a shimmering shield
 35107 | D:14     | Identified the -4 shield of Amorality {rC+ Int+3 Slay+3} (You acquired it on level 14 of the Dungeon)
 36125 | D:14     | Received a gift from Trog
 36705 | D:15     | Entered Level 15 of the Dungeon
 36747 | D:15     | Reached ****** piety under Trog
 37019 | D:15     | Found Cack's Gadget Emporium.
 37030 | D:15     | Found a staircase to the Depths.
 37030 | D:15     | Noticed a fire giant
 37035 | D:15     | Killed from afar by a fire giant

Vault maps used:
D:1:      shiori_arrival_maze, minmay_misc_feat_secret_circle
D:2:      wad_crossroads, dancing_weapons_uskayaw,
          gammafunk_temple_overflow_pools
D:4:      enter_ossuary_1, first_bread
D:5:      lemuel_doored_altar, kennysheep_generic_room_11
D:6:      lemuel_temple_firewalk_b, lemuel_blue_sif_altar, uniq_blork_the_orc
D:7:      overflow_temple_1_default, yredelemnul_forgotten_temple_becter,
          nemelex_altar_shiori, uniq_menkaure, uniq_prince_ribbit1
D:8:      kennysheep_seaside_town, uniq_erica
D:9:      serial_shops, nicolae_shop_stone, grunt_dithmenos_smoke_and_mirrors
D:10:     david_orc_4, grunt_livestock, uniq_grum
D:11:     lair_entry_dummy, dk_noncrumbling_2, hangedman_decor_lopped,
          minmay_holes
D:12:     minmay_the_grid_triangle_9x9_recursive_2
D:13:     david_vaults_4, enter_trove_2, stair_cage_wide, worms_lemuel
D:14:     serial_bayou_pond_e
D:15:     grunt_enter_depths_giant_problem, serial_shops, bzr_entry_islet,
          shop_statue, hangedman_abyss_or_decor_lesser_grid
Lair:1:   grunt_forest_small_clearing_treed, lemuel_fruit_tree,
          infiniplex_staircase_pool
Lair:2:   elwin_shoals_entry_rooms, nicolae_spider_entry_orb_guardian,
          st_stairs_5, minivault_19, roderic_carrion_pond, uniq_nergalle
Lair:4:   grunt_megastairs_4
Lair:5:   minmay_slime_entry_oklob_open, minmay_lindwurm_lava,
          grunt_megastairs_2
Lair:6:   grunt_lair_end_beastmaster, grunt_forest_large_clearings
Orc:1:    serial_shops, shop, uniq_urug
Orc:2:    st_orc_open, elves_outpost_lemuel
Ossuary:  ossuary_tomb_2

Skill      XL: |  1  2  3  4  5  6  7  8  9 10 11 12 13 14 15 |
---------------+----------------------------------------------+-----
Short Blades   | 4 5 6 7 9 |  9.2
Armour         | 2 3 4 5 7 8 9 10 | 10.1
Dodging        | 3 4 5 6 7 8 9 11 | 11.8
Fighting       | 3 4 5 6 7 8 9 11 13 | 13.7
Shields        | 1 3 5 |  5.2
Long Blades    | 4 7 10 12 13 | 13.3

Action                   |  1- 3 |  4- 6 |  7- 9 | 10-12 | 13-15 || total
-------------------------+-------+-------+-------+-------+-------++-------
Melee: Short sword       |   118 |   133 |   174 |  1400 |       ||  1825
       Dagger            |    26 |       |       |       |       ||    26
       Spear             |       |       |   330 |       |       ||   330
       Scimitar          |       |       |       |   151 |  1194 ||  1345
       Long sword        |       |       |       |       |   424 ||   424
Invok: Berserk           |     5 |     8 |    19 |    51 |    40 ||   123
       Trog's Hand       |       |     1 |       |     3 |     5 ||     9
       Brothers in Arms  |       |       |       |     7 |    13 ||    20
       Burn Spellbooks   |       |       |       |     3 |     5 ||     8
Evoke: Wand              |       |       |       |     7 |    13 ||    20
  Use: Scroll            |       |     6 |     6 |    15 |    17 ||    44
       Potion            |       |       |       |       |    11 ||    11
 Stab: Sleeping          |     3 |       |       |       |       ||     3
       Distracted        |       |       |       |       |     2 ||     2
       Invisible         |       |       |       |       |     4 ||     4
  Eat: Chunk             |     9 |    12 |    32 |    77 |    82 ||   212
       Fruit             |       |       |     6 |     3 |    16 ||    25
       Royal jelly       |       |       |     1 |     5 |       ||     6
Armor: Animal skin       |    20 |       |       |       |       ||    20
       Leather armour    |     5 |       |       |       |       ||     5
       Ring mail         |     4 |    26 |       |       |       ||    30
       Chain mail        |       |     2 |   159 |     4 |   216 ||   381
       Plate armour      |       |       |       |   310 |   368 ||   678
Dodge: Dodged            |   101 |    46 |   143 |   341 |  1073 ||  1704
Block: Buckler           |       |       |    24 |   166 |   357 ||   547
       Rpst.: Scimitar   |       |       |       |    24 |   220 ||   244
       Long sword        |       |       |       |       |    77 ||    77
